Map: 2000 Atmospheres LE

Players

Cure

  • Race: Terran Terran

Rogue - Winner!

  • Race: Zerg Zerg

Event: IEM Katowice 2022

VOD

Have the link to the VOD?

Description

Time

  • Played on: Feb. 24, 2022, 5:49 a.m.
  • Length: 18:57

All games in this series

Show
View Real Time Build Order
Export as new Build Order

Cure Terran 

Build Orders:  

Get SALT Encoding   

  12  0:00  SCV  
  13  0:12  SCV  
  14  0:17  Supply Depot  
  14  0:24  SCV  
  15  0:38  SCV  
  15  0:39  Barracks  
  15  0:42  Refinery  
  16  0:50  SCV  
  17  0:58  Barracks  
  17  1:02  SCV  
  18  1:14  SCV  
  19  1:26  Reaper, Orbital Command  
  20  1:38  Supply Depot  
  20  1:44  Marine  
  21  1:52  SCV  
  22  1:58  Marine  
  23  2:02  Marine  
  23  2:04  SCV  
  25  2:14  Command Center  
  25  2:16  Marine  
  25  2:19  SCV  
  25  2:21  Barracks Reactor  
  27  2:28  Bunker  
  27  2:31  SCV  
  27  2:36  Barracks Tech Lab  
  28  2:39  Supply Depot  
  28  2:43  SCV  
  29  2:49  Refinery  
  29  2:55  SCV, Factory  
  30  3:07  SCV  
  30  3:08  Stimpack  
  30  3:09  Marine x2  
  32  3:13  Marine  
  32  3:19  SCV  
  34  3:28  Orbital Command, Marine  
  34  3:30  Marine  
  34  3:31  Marine  
  37  3:34  SCV  
  38  3:43  Starport  
  38  3:44  Factory Reactor  
  38  3:51  SCV  
  38  3:52  Marine x3  
  42  3:55  SCV  
  42  3:59  Supply Depot  
  43  4:03  SCV  
  43  4:08  SCV  
  45  4:11  Marine  
  45  4:12  Marine x2  
  45  4:15  SCV  
  49  4:20  SCV  
  50  4:26  Supply Depot, Medivac  
  50  4:27  Medivac  
  50  4:29  SCV  
  55  4:31  Marine x2  
  55  4:32  SCV, Marine  
  55  4:34  Factory Tech Lab, Refinery  
  59  4:41  SCV  
  59  4:44  Supply Depot, SCV  
  61  4:48  Supply Depot, Combat Shield  
  61  4:51  Marine x2  
  61  4:52  Marine  
  60  5:00  Siege Tank  
  60  5:01  SCV x2  
  65  5:09  Marine x3  
  68  5:16  SCV x2  
  70  5:27  Marine x3  
  75  5:33  Siege Tank  
  77  5:36  Supply Depot  
  77  5:39  Supply Depot, Medivac  
  77  5:45  Marine x3  
  77  5:46  Command Center  
  77  5:48  SCV x2  
  82  6:01  SCV x2  
  84  6:04  Marine x3  
  84  6:08  Siege Tank  
  90  6:12  Engineering Bay x2  
  90  6:13  Supply Depot  
  90  6:14  SCV x2  
  90  6:16  Starport Reactor  
  92  6:22  Barracks  
  92  6:26  Marine  
  92  6:27  Marine x2  
  92  6:30  SCV x2  
  97  6:42  SCV x2  
  97  6:44  Marine x2  
  97  6:45  Marine  
  102  6:48  Siege Tank  
  102  6:49  Terran Infantry Weapons Level 1, Terran Infantry Armor Level 1  
  103  6:55  SCV x2  
  103  6:59  Orbital Command  
  105  7:02  Marine x3, Medivac  
  105  7:04  Medivac  
  111  7:15  Marine x2  
  102  7:19  SCV x2  
  102  7:20  Marine x3  
  102  7:21  Siege Tank  
  100  7:23  Orbital Command  
  100  7:31  SCV x2  
  100  7:32  Medivac  
  100  7:33  Marine  
  100  7:35  Supply Depot  
  105  7:38  Marine x2  
  105  7:39  Marine x2  
  105  7:43  SCV x2  
  111  7:51  Marine  
  111  7:55  SCV  
  111  7:56  Marine x4  
  116  7:59  SCV x2  
  118  8:07  SCV  
  118  8:10  Refinery  
  118  8:11  SCV  
  120  8:18  SCV  
  120  8:19  Barracks, SCV  
  122  8:20  Barracks, Armory  
  122  8:23  Siege Tank  
  122  8:24  Marine x2  
  127  8:29  Marine x3  
  127  8:34  SCV x2  
  130  8:35  SCV  
  132  8:42  Supply Depot, Marine, Medivac x2  
  132  8:46  SCV x2  
  132  8:47  Supply Depot, SCV  
  132  8:48  Supply Depot  
  140  8:49  Marine  
  141  8:59  Marine x3  
  131  9:04  Marine  
  131  9:06  Marine, Siege Tank  
  131  9:07  Barracks Reactor x2  
  131  9:09  Terran Infantry Weapons Level 2  
  136  9:10  SCV x2  
  136  9:13  Bunker  
  136  9:14  Supply Depot x2, SCV  
  139  9:17  Marine x2  
  139  9:20  Marine  
  139  9:22  Marine  
  141  9:24  Refinery, Marine  
  141  9:28  Medivac  
  141  9:29  SCV x3, Terran Infantry Armor Level 2  
  147  9:35  Marine x2  
  147  9:38  Marine  
  148  9:39  Missile Turret x2  
  148  9:40  Marine  
  148  9:41  Missile Turret  
  148  9:42  Marine  
  150  9:46  Marine x4  
  152  9:52  Marine x2  
  152  9:56  SCV x3, Marine  
  152  9:58  Marine  
  159  10:00  Marine  
  159  10:04  Marine x4  
  162  10:07  Siege Tank  
  162  10:10  Marine x2  
  162  10:13  Marine  
  168  10:16  Marine  
  168  10:18  Marine  
  169  10:21  Medivac  
  169  10:22  Medivac  
  169  10:26  Supply Depot x2  
  173  10:29  Supply Depot  
  168  10:47  Marine x7  
  168  10:48  Marine x2  
  176  10:52  Siege Tank  
  176  10:55  Medivac  
  179  10:59  Command Center  
  178  11:05  Marine x9, Factory  
  180  11:23  Marine x9  
  133  11:34  Thor  
  133  11:41  Marine x9  
  130  11:51  Factory Reactor  
  130  11:52  Terran Infantry Weapons Level 3  
  129  11:58  Marine x6  
  129  11:59  Marine x3  
  138  12:02  Barracks x2  
  138  12:03  Barracks  
  138  12:14  SCV x3  
  141  12:16  Terran Infantry Armor Level 3, Marine x4  
  141  12:17  Drilling Claws  
  145  12:26  Marine x3  
  154  12:35  Marauder  
  156  12:38  Missile Turret  
  156  12:40  Missile Turret  
  156  12:45  Missile Turret, Sensor Tower  
  156  12:46  Missile Turret, Planetary Fortress  
  156  12:50  Barracks Tech Lab x3  
  156  12:56  Marauder  
  156  12:57  Marine x6  
  164  13:01  Thor, Sensor Tower  
  164  13:04  Widow Mine x2  
  168  13:10  Missile Turret  
  168  13:14  Refinery  
  168  13:15  Refinery, Marauder x3, Concussive Shells  
  168  13:16  Missile Turret  
  168  13:17  Missile Turret  
  174  13:20  Missile Turret  
  174  13:21  Missile Turret  
  174  13:23  Marauder  
  176  13:28  Missile Turret  
  176  13:31  Widow Mine x2  
  180  13:34  Command Center  
  180  13:37  Marauder x2  
  180  13:41  Missile Turret  
  186  13:44  Marauder  
  186  13:46  Marine x4  
  186  13:48  Missile Turret  
  190  13:52  Widow Mine  
  190  13:53  Widow Mine  
  194  13:58  Marauder  
  194  13:59  Marauder  
  194  14:00  Barracks  
  194  14:01  Barracks  
  194  14:02  Barracks  
  198  14:05  Marauder  
  198  14:09  Missile Turret  
  200  14:22  Terran Vehicle And Ship Armor Level 1  
  200  14:32  Command Center  
  200  14:36  Command Center  
  197  15:07  Barracks Tech Lab x2  
  197  15:08  Barracks Tech Lab  
  197  15:15  Missile Turret  
  189  15:24  Thor  
  189  15:25  Widow Mine x2, Marine x4  
  189  15:26  Marauder x4, Marine  
  184  15:41  Marine x3, Marauder x2  
  184  15:42  Marauder  
  177  15:43  Marine, Medivac  
  177  15:44  Medivac  
  177  15:46  Widow Mine x2, Orbital Command  
  175  15:50  Planetary Fortress  
  175  15:51  Marauder, Marine x4, Orbital Command  
  175  15:52  Marauder  
  183  16:00  Neosteel Armor, Hi-Sec Auto Tracking  
  183  16:07  Thor  
  183  16:08  Widow Mine x2  
  183  16:09  Marine x4, Marauder x3  
  180  16:19  Marine, Marauder x3  
  180  16:22  Marauder  
  151  16:28  Marine x2  
  151  16:29  Widow Mine  
  151  16:30  Marine x2, Marauder x2  
  122  16:41  Widow Mine  
  122  16:42  Marauder x3  
  130  16:47  Marine  
  130  16:48  Marauder  
  130  16:50  Widow Mine  
  135  16:59  Missile Turret x2, Medivac x2  
  139  17:04  Widow Mine x2  
  143  17:08  Marine x3  
  143  17:09  Marauder x2  
  143  17:10  Marine x3  
  153  17:18  Widow Mine  
  155  17:25  Widow Mine  
  155  17:26  Widow Mine, Command Center  
  155  17:27  Marauder  
  155  17:29  Marauder, Medivac x2, Marine  
  167  17:43  Marine x8, Marauder  
  167  17:44  Marauder x2  
  138  17:46  Marauder  
  107  17:53  Marine, Marauder x2  
  109  18:05  Marauder  
  109  18:06  Marauder  
  109  18:07  Marine  
  109  18:14  Widow Mine  
  109  18:18  Widow Mine  
  111  18:20  Widow Mine  
  111  18:21  Medivac  
  111  18:25  Medivac  
  117  18:31  Marine, Marauder x2  
Show
View Real Time Build Order
Export as new Build Order

Rogue Zerg - Winner!

Build Orders: Hatch First 

Get SALT Encoding   

  12  0:00  Drone  
  13  0:12  Overlord  
  13  0:16  Drone  
  14  0:30  Drone x2  
  16  0:48  Hatchery  
  15  0:51  Drone  
  15  0:55  Drone  
  17  0:58  Drone  
  18  1:09  Extractor  
  17  1:14  Spawning Pool  
  17  1:18  Drone  
  17  1:21  Drone  
  18  1:28  Drone  
  19  1:39  Drone  
  20  1:50  Drone  
  21  2:01  Queen x2  
  21  2:02  Zergling x4  
  27  2:11  Drone  
  28  2:18  Hatchery  
  27  2:24  Overlord  
  27  2:28  Drone  
  28  2:42  Drone x3  
  28  2:43  Queen  
  33  2:49  Metabolic Boost  
  33  2:54  Drone  
  33  2:56  Overlord  
  34  3:01  Zergling x4  
  35  3:14  Pneumatized Carapace  
  35  3:15  Drone x4  
  35  3:17  Drone  
  40  3:26  Overlord  
  40  3:27  Drone x2  
  40  3:30  Hatchery  
  41  3:34  Drone  
  42  3:42  Drone  
  42  3:45  Overlord  
  43  3:51  Zergling x14  
  43  3:54  Queen  
  52  3:59  Overlord  
  52  4:06  Drone  
  52  4:09  Queen  
  55  4:13  Overlord  
  55  4:14  Drone  
  56  4:24  Overlord  
  56  4:25  Drone x4  
  60  4:34  Lair, Drone  
  60  4:36  Drone, Extractor  
  61  4:41  Baneling Nest  
  61  4:43  Drone  
  61  4:46  Drone, Queen  
  61  4:48  Drone x4  
  67  4:52  Queen  
  67  4:58  Drone x2  
  68  5:07  Zergling x8  
  68  5:08  Zergling x2  
  68  5:10  Zergling x2  
  74  5:14  Overlord  
  74  5:15  Zergling x2  
  74  5:17  Zergling x2, Extractor  
  74  5:18  Zergling x4  
  77  5:24  Zergling x8  
  79  5:32  Queen  
  79  5:34  Zergling x6  
  82  5:38  Drone  
  83  5:43  Drone x4  
  83  5:45  Centrifugal Hooks  
  83  5:49  Evolution Chamber  
  86  5:50  Evolution Chamber  
  86  5:51  Drone x3  
  86  5:52  Extractor  
  86  5:55  Drone x3  
  90  5:59  Overlord  
  90  6:00  Overlord  
  90  6:04  Overlord  
  90  6:10  Overlord  
  90  6:15  Zerg Ground Armor Level 1  
  90  6:16  Zerg Melee Weapons Level 1  
  90  6:22  Baneling x7  
  90  6:23  Zergling x14  
  97  6:29  Baneling x2  
  97  6:30  Baneling x2, Zergling x2  
  97  6:31  Zergling x6  
  100  6:34  Zergling x4  
  100  6:39  Overlord  
  102  6:42  Baneling  
  102  6:43  Baneling x2, Zergling x2  
  102  6:44  Baneling x3  
  103  6:50  Zergling x2  
  103  6:51  Zergling x4  
  99  6:54  Queen x2  
  99  6:58  Zergling x6  
  99  7:00  Zergling x2  
  99  7:01  Zergling x6  
  110  7:07  Zergling x2  
  104  7:14  Drone x3  
  99  7:21  Drone x3  
  99  7:22  Drone  
  101  7:23  Extractor  
  101  7:24  Drone, Extractor, Spire  
  101  7:25  Extractor  
  101  7:28  Drone x3  
  101  7:30  Drone  
  101  7:31  Drone  
  103  7:37  Overseer, Overlord  
  103  7:39  Drone  
  103  7:43  Baneling x5  
  101  7:52  Zergling x6  
  101  7:55  Drone  
  103  8:03  Drone, Overlord  
  103  8:04  Zergling x2  
  103  8:05  Zergling x6  
  108  8:15  Zergling x16  
  116  8:30  Zergling x6  
  115  8:36  Overlord  
  115  8:37  Baneling x6  
  115  8:40  Hatchery  
  113  8:43  Mutalisk x8  
  113  8:47  Mutalisk  
  131  8:48  Overlord  
  131  8:51  Zergling x2  
  131  8:53  Overlord  
  132  8:59  Mutalisk  
  132  9:00  Mutalisk  
  130  9:09  Mutalisk x2  
  134  9:11  Drone x3  
  134  9:15  Drone x2, Overlord  
  135  9:17  Zergling x6  
  135  9:22  Mutalisk x2  
  140  9:26  Drone  
  140  9:28  Extractor  
  139  9:31  Overlord  
  139  9:33  Mutalisk  
  139  9:34  Mutalisk  
  139  9:35  Zergling x4  
  145  9:41  Zergling x6  
  145  9:42  Overlord, Zergling x8  
  145  9:44  Overlord  
  150  9:51  Zerg Ground Armor Level 2  
  150  9:54  Drone x3  
  150  9:58  Zerg Melee Weapons Level 2  
  153  10:01  Zergling x2  
  153  10:02  Zergling x6  
  153  10:04  Zergling x4  
  153  10:05  Zergling x2  
  160  10:09  Baneling x5  
  160  10:10  Baneling x3  
  160  10:13  Zergling x6  
  163  10:17  Zergling x6  
  163  10:18  Baneling x2  
  166  10:23  Zergling x10  
  171  10:29  Overseer  
  171  10:34  Baneling  
  171  10:35  Baneling x15  
  169  10:36  Zergling x6  
  169  10:41  Zergling x8  
  169  10:42  Zergling x2  
  171  10:43  Baneling x3  
  171  10:47  Zergling x8  
  171  10:49  Baneling  
  170  10:50  Baneling  
  170  10:56  Zergling x4  
  171  10:59  Zergling x2  
  171  11:00  Zergling x16  
  171  11:01  Baneling x2  
  171  11:02  Baneling  
  177  11:05  Zergling x6  
  173  11:11  Zergling x2  
  173  11:12  Zergling x10  
  173  11:16  Baneling x4  
  173  11:17  Baneling x3, Zergling x2  
  140  11:29  Mutalisk x4  
  140  11:30  Mutalisk x2  
  140  11:31  Zergling x4  
  136  11:33  Zergling x2  
  136  11:36  Mutalisk  
  136  11:40  Zergling x12  
  136  11:43  Zergling x6  
  133  11:51  Zergling x10  
  133  11:53  Zerg Flyer Weapons Level 1  
  134  12:03  Zergling x2  
  134  12:04  Zergling x8  
  134  12:05  Baneling x11  
  139  12:17  Drone x2  
  139  12:18  Infestation Pit, Drone  
  139  12:22  Hatchery, Zergling x14  
  147  12:29  Zergling x2  
  151  12:30  Zergling x12  
  151  12:34  Zergling x2  
  155  12:41  Zergling x10  
  155  12:43  Drone x4  
  164  12:53  Zergling x2  
  164  12:54  Zergling x10  
  164  12:56  Overlord  
  170  13:02  Hive  
  168  13:07  Drone x4  
  168  13:08  Drone x3  
  175  13:15  Baneling  
  175  13:16  Baneling x13  
  175  13:17  Baneling  
  175  13:21  Overseer x3  
  175  13:23  Hatchery  
  175  13:25  Burrow  
  175  13:27  Drone x4  
  176  13:29  Drone  
  176  13:33  Drone x2  
  176  13:34  Baneling x4  
  181  13:35  Drone x2  
  181  13:38  Corruptor  
  185  13:44  Zergling x2  
  186  13:49  Zergling x2  
  186  13:50  Zergling x6  
  186  13:51  Zergling x4  
  186  13:52  Zergling x2  
  186  13:53  Baneling x3  
  186  13:54  Baneling  
  186  13:55  Zergling x2  
  194  13:57  Hatchery  
  193  14:06  Baneling x6  
  193  14:07  Baneling x22  
  193  14:08  Baneling x2  
  193  14:10  Overlord  
  193  14:12  Overlord  
  193  14:15  Ultralisk Cavern  
  191  14:28  Zergling x2  
  191  14:29  Zergling x2  
  193  14:32  Zergling x12  
  193  14:34  Adrenal Glands  
  198  14:41  Zergling x10  
  198  14:42  Baneling x8  
  198  14:43  Baneling  
  194  14:49  Zerg Melee Weapons Level 3, Zerg Ground Armor Level 3  
  194  14:52  Extractor, Zergling x12  
  199  14:53  Zergling x2  
  199  14:56  Spore Crawler  
  199  14:57  Zergling x2  
  199  15:18  Zergling x2  
  193  15:27  Ultralisk x3  
  195  15:31  Zergling x4  
  195  15:32  Zergling x6  
  194  15:38  Ultralisk  
  194  15:46  Ultralisk  
  194  15:48  Zergling x8  
  199  15:51  Chitinous Plating  
  199  15:55  Zergling x2  
  200  16:03  Baneling x13  
  200  16:04  Baneling  
  200  16:09  Zergling x6  
  184  16:18  Ultralisk  
  184  16:20  Zergling x4  
  184  16:21  Zergling x34  
  184  16:24  Spore Crawler, Spine Crawler  
  175  16:27  Ultralisk  
  175  16:28  Zergling x26  
  175  16:29  Zergling x2  
  175  16:31  Zergling x4  
  182  16:33  Zergling x2  
  178  16:41  Drone x6  
  178  16:42  Drone x2  
  180  16:49  Baneling x11  
  180  16:50  Baneling x8  
  180  16:52  Zergling x4  
  180  16:53  Zergling x10  
  187  16:55  Zergling x4  
  187  16:56  Zergling x4  
  187  16:58  Baneling  
  187  16:59  Baneling x3  
  191  17:03  Zergling x2  
  191  17:04  Zergling x10  
  191  17:06  Baneling x6  
  191  17:08  Zergling x2  
  198  17:10  Anabolic Synthesis  
  198  17:16  Baneling  
  198  17:17  Baneling x9  
  198  17:18  Zergling x2  
  198  17:19  Zergling x2  
  192  17:41  Ultralisk x2  
  192  17:42  Zergling x22  
  192  17:43  Zergling x2  
  188  17:45  Zergling x30  
  188  17:46  Zergling x2  
  188  17:47  Zergling x2  
  188  17:49  Zergling x2  
  188  17:50  Zergling x8  
  190  17:53  Zergling x4  
  190  17:54  Zergling x2  
  180  18:06  Ultralisk x2  
  180  18:07  Zergling x14  
  180  18:10  Zergling x2  
  194  18:14  Baneling x4  
  194  18:15  Baneling x9  
  194  18:16  Zergling x8  
  196  18:21  Zergling x2  
  196  18:22  Zergling x6  
  196  18:25  Baneling  
  196  18:26  Baneling x7  
  200  18:28  Baneling x2  
  199  18:36  Baneling x6  
  199  18:40  Extractor  

Tags
 
Add a new tag
Caveats
  • Supply blocks, unpowered buildings, or Contaminate may cause inaccurate times.
  • Supply counts are checked every 10 seconds.